 Dungeon Crawl Stone Soup version 0.28.0-53-g5a82cb258f (webtiles) character file.

Game seed: 1165591871865382272

29 safid the Skirmisher (level 3, -8/33 HPs)
             Began as a Hill Orc Fighter on Aug 21, 2022.
             Killed by divine providence
             ... invoked by an orc priest
              (14 damage)
             ... on level 1 of the Dungeon.
             The game lasted 00:01:07 (804 turns).

safid the Skirmisher (Hill Orc Fighter)              Turns: 804, Time: 00:01:08

Health: -8/33      AC: 11    Str: 20    XL:     3   Next: 16%
Magic:  3/3        EV:  5    Int:  8    God:
Gold:   34         SH:  4    Dex: 10    Spells: 2/2 levels left

rFire   . . .      SeeInvis .   a - +0 war axe
rCold   . . .      Faith    .   c - +0 buckler
rNeg    . . .      Spirit   .   e - +0 plate armour
rPois   .          Reflect  .   (no helmet)
rElec   .          Harm     .   (no cloak)
rCorr   .          Rampage  .   (no gloves)
Will    .....                   (no boots)
Stlth   ..........              (no amulet)
HPRegen 0.11/turn               (no ring)
MPRegen 0.08/turn               (no ring)

@: no status effects
A: no striking features
a: Convert to Beogh


You were on level 1 of the Dungeon.
You visited 1 branch of the dungeon, and saw 2 of its levels.

You collected 34 gold pieces.

Inventory:

Hand Weapons
 a - a +0 war axe (weapon)
Armour
 c - a +0 buckler (worn)
 e - a +0 plate armour (worn)
Scrolls
 b - a scroll of teleportation {unknown}
Potions
 d - a potion of might


   Skills:
 - Level 4.0 Fighting
 + Level 3.3 Axes
 + Level 3.6 Armour
 + Level 3.7 Shields


You had 2 spell levels left.
You didn't know any spells.
Your spell library was empty.

Dungeon Overview and Level Annotations

Branches:
Dungeon (2/15)

Altars:


Message History

The orc priest calls upon Beogh to heal the orc wizard.
The orc wizard's wounds heal themselves!
The orc wizard hits you but does no damage.
You block the orc's attack.
The orc priest looks encouraged for a moment.
The orc wizard points at you and mumbles some strange words.
You are confused.
Unknown command.
The orc priest hits you with a +0 club. The orc hits you with a +0 flail.
* * * LOW HITPOINT WARNING * * *
Unknown command.
The orc barely misses you.
Unknown command.
There is a stone staircase leading up here.
Unknown command.
The orc priest shouts, "Beogh is our master!
Accept the truth or die!"
The orc priest hits you but does no damage.
You climb upwards.
There is a stone staircase leading down here.
You feel less confused.
The orc priest shouts, "Surrender to Beogh and we'll let you live!"
The orc priest hits you but does no damage.
You hit the orc priest.
The orc priest is severely wounded.
The orc priest hits you but does no damage.
You barely miss the orc priest.
The orc priest is severely wounded.
The orc priest shouts, "Surrender to Beogh and we'll let you live!"
The orc priest completely misses you. You block the orc priest's attack.
You closely miss the orc priest.
The orc priest is severely wounded.
The orc priest barely misses you.
You completely miss the orc priest.
The orc priest is severely wounded.
You block the orc priest's attack. The orc priest barely misses you.
You closely miss the orc priest.
The orc priest is severely wounded.
The orc priest mumbles some strange prayers to Beogh against you.
Beogh smites you!
You die...

#### #..# #### #..## #####...
##..# ##.....## #..##
#######........
#...###..............
##########..o@...#....########
#...........>......#.## ######
##########.....###.#.####.....
#############...........#......).
............................##.##
#..###########........#######..#
##.....####................##.##
#####...#....##..............#
########.....##..............##


You could see an orc priest.

Vanquished Creatures
  An orc (D:2)
  5 ball pythons (D:1)
  An endoplasm (D:1)
  3 goblins (D:1)
  3 hobgoblins
  3 jackals (D:1)
  A kobold (D:1)
  2 quokkas (D:1)
  2 bats (D:1)
  2 frilled lizards (D:1)
  2 rats (D:1)
25 creatures vanquished.

Notes
Turn   | Place    | Note
-------+----------+-------------------------------------------
     0 | D:1      | safid the Hill Orc Fighter began the quest for the Orb.
     0 | D:1      | Reached XP level 1. HP: 19/19 MP: 1/1
    31 | D:1      | Reached XP level 2. HP: 24/27 MP: 2/2
    57 | D:1      | Found a faded altar of an unknown god.
   524 | D:1      | Reached skill level 4 in Fighting
   619 | D:1      | Reached XP level 3. HP: 28/33 MP: 3/3
   804 | D:1      | Killed from afar by an orc priest

Illustrated notes

Levels and vault maps discovered:
D:1:      minmay_arrival_diagonal_passages, layout_rooms, basic_ecumenical_altar
D:2:      layout_loops_cross

Skill      XL: |  1  2 |
---------------+-------+-----
Axes           | 3 |  3.3
Fighting       | 4 |  4.0
Armour         | |  3.6
Shields        | |  3.7

Action                   || total
-------------------------++-------
Melee: War axe           ||    78
Armor: Scale mail        ||    14
       Plate armour      ||    37
Dodge: Dodged            ||    45
Block: Buckler           ||    26
